 Dungeon Crawl Stone Soup version 0.30.1-11-g7821555f0a (webtiles) character file.

Game seed: 13601679327632956721

18389 comborobin the Peltast (level 12, -1/81 HPs)
             Began as a Formicid Delver on Dec 18, 2023.
             Was a High Priest of Cheibriados.
             Slain by a death knight
             ... wielding a +3 battleaxe
              (23 damage)
             ... on level 13 of the Dungeon.
             The game lasted 00:14:06 (12871 turns).

comborobin the Peltast (Formicid Delver)           Turns: 12871, Time: 00:14:07

Health: -1/81      AC: 16    Str: 34    XL:     12   Next: 94%
Magic:  14/14      EV: 12    Int: 24    God:    Cheibriados [*****.]
Gold:   404        SH:  0    Dex: 31    Spells: 7/11 levels left

rFire   . . .        a - +4 shortbow
rCold   + + +        i - +0 tower shield
rNeg    . . .        L - +4 skin of Zhor {*Englaciate rC+++ SInv}
rPois   .            (helmet unavailable)
rElec   .            x - +1 cloak
rCorr   .            y - +2 pair of gloves
SInv    +            R - +0 pair of boots {Fly}
Will    ++...        M - amulet of magic regeneration
Stlth   ++           q - +4 ring of protection
HPRegen 0.33/turn    E - ring of willpower
MPRegen 0.54/turn

%: no passive effects
@: confused, ambrosia-drunk, flying, very slow
A: permanent stasis, dig shafts and tunnels, antennae 3, four strong arms
a: Dig, Shaft Self, Renounce Religion, Bend Time, Temporal Distortion, Slouch,
Step From Time


You were on level 13 of the Dungeon.
You worshipped Cheibriados.
Cheibriados was extremely pleased with you.
You visited 2 branches of the dungeon, and saw 14 of its levels.

You collected 1026 gold pieces.
You spent 622 gold pieces at shops.

Inventory:

Hand Weapons
 a - a +4 shortbow (weapon)
 c - a +0 mace
 z - a +0 bardiche
 A - a +0 longbow
 J - a +5 halberd
 Q - a +2 dire flail
Missiles
 P - 5 throwing nets
Armour
 b - a +0 leather armour
 i - a +0 tower shield (worn)
 t - a +2 troll leather armour {Snorg}
 u - a +2 robe of cold resistance
 w - an orb of energy
 x - a +1 cloak (worn)
 y - a +2 pair of gloves (worn)
 I - +0 steam dragon scales
 L - the +4 skin of Zhor (worn) {*Englaciate rC+++ SInv}
   (You found it on level 8 of the Dungeon)

   *Englaciate: It radiates cold, occasionally slowing all nearby creatures who
   are not resistant to cold.
   rC:        It renders you almost immune to cold.
   SInv:      It lets you see invisible.
 R - a +0 pair of boots of flying (worn)
Jewellery
 q - a +4 ring of protection (left hand)
 E - a ring of willpower (right hand)
 M - an amulet of magic regeneration (around neck)
Wands
 f - a wand of digging (3)
 H - a wand of polymorph (9)
 N - a wand of mindburst (16)
 O - a wand of flame (23)
 T - a wand of roots (6)
Scrolls
 d - 2 scrolls of magic mapping
 g - a scroll of butterflies
 h - 5 scrolls of fog
 l - 3 scrolls of immolation
 p - 7 scrolls of identify
 r - a scroll of enchant armour
 G - a scroll of amnesia
 S - 2 scrolls of enchant weapon {unknown}
Potions
 j - 5 potions of might
 k - 3 potions of attraction {unknown}
 n - a potion of invisibility {unknown}
 s - 5 potions of curing {unknown}
 v - 2 potions of haste {unknown}
 B - 2 potions of lignification
 C - 2 potions of experience {unknown}
 D - 2 potions of flight {unknown}
 K - a potion of mutation {unknown}
 U - a potion of degeneration {unknown}
 V - a potion of berserk rage {unknown}


   Skills:
 - Level 3.2 Fighting
 - Level 2.0 Maces & Flails
 - Level 11.5 Ranged Weapons
 - Level 1.7 Dodging
 - Level 6.0 Stealth
 - Level 20.6 Shields
 + Level 3.4 Invocations


You had 7 spell levels left.
You knew the following spells:

 Your Spells              Type           Power      Damage    Failure   Level
h - Passage of Golubria   Tloc           0%         N/A       90%         4

Your spell library contained the following spells:

 Spells                   Type           Power      Damage    Failure   Level
 Kiss of Death            Conj/Necr      0%         2d5       21%         1
 Magic Dart               Conj           0%         1d3       21%         1
 Sandblast                Erth           0%         2d4       21%         1
 Summon Small Mammal      Summ           0%         N/A       21%         1
 Call Imp                 Summ           0%         N/A       30%         2
 Passwall                 Tmut/Erth      0%         N/A       30%         2
 Call Canine Familiar     Summ           0%         N/A       52%         3
 Confusing Touch          Hex            0%         N/A       52%         3
 Inner Flame              Hex/Fire       0%         N/A       52%         3
 Mephitic Cloud           Conj/Pois/Air  0%         N/A       52%         3
 Stone Arrow              Conj/Erth      0%         3d7       52%         3
 Summon Guardian Golem    Hex/Summ       0%         N/A       52%         3
 Animate Armour           Summ/Erth      0%         N/A       90%         4
 Dispel Undead            Necr           0%         3d6       90%         4
 Flame Wave               Conj/Fire      0%         2d4       90%         4
 Sticky Flame             Conj/Fire      0%         2d3       90%         4
 Arcjolt                  Conj/Air       0%         1d10      99%         5
 Blade Hands              Tmut           0%         N/A       99%         5
 Silence                  Hex/Air        0%         N/A       99%         5
 Iron Shot                Conj/Erth      0%         9d1       100%        6
 Plasma Beam              Fire/Air       0%         2x1d11    100%        6
 Lehudib's Crystal Spear  Conj/Erth      0%         10d2      100%        8
 Vhi's Electric Charge    Tloc/Air       Unusable   N/A       N/A         3

Dungeon Overview and Level Annotations

Branches:
Dungeon (13/15)            Temple (1/1) D:5            Lair (0/5) D:10
    Orc (0/2) D:11
 Vaults: D:13-14

Altars:
Ashenzari
Cheibriados
Dithmenos
Elyvilon
Fedhas
Gozag
Hepliaklqana
Kikubaaqudgha
Makhleb
Nemelex Xobeh
Okawaru
Qazlal
Ru
Sif Muna
Trog
Uskayaw
Vehumet
Wu Jian
Xom
Yredelemnul
Zin
The Shining One

Shops:
D:5 ?   D:6 :   D:8 =   D:10 [:

Annotations:
D:12 2 transporters, Udonoc's ghost, journeyman HOBe


Innate Abilities, Weirdness & Mutations

You cannot be hasted, slowed, berserked, paralysed or teleported.
You can dig through walls and to a lower floor.
You have a pair of large antennae on your head. (SInv)
Your four strong arms can wield two-handed weapons with a shield.


Message History

The wraith is moderately damaged.
You radiate an aura of cold.
The wraith is unaffected.
The death knight resists.
The wraith is unaffected.
You block the wraith's attack. x2
The death knight hits you with a +3 battleaxe!!
* * * LOW HITPOINT WARNING * * *
Unknown command.
Fire: a) +4 shortbow
Press: ? - help, Q - select action, (/) - cycle Shift-Dir - straight line, f/p - wraith
Aim: a wraith (moderately damaged, 74% to hit)
Okay, then.
Okay, then.
Okay, then.
You fail to use your ability.
You radiate an aura of cold.
The wraith is unaffected.
The death knight seems to slow down.
The wraith is unaffected.
You block the wraith's attack. x2
You warp the flow of time around you!
You are confused.
You feel invigorated.
The death knight shouts!
The wraith hits you.
* * * LOW HITPOINT WARNING * * *
The wraith drains your vigour!
Your stasis prevents you from being slowed.
The wraith closely misses you.
The death knight hits you with a +3 battleaxe!
* * * LOW HITPOINT WARNING * * *
The wraith hits you but does no damage. The wraith barely misses you.
The death knight calls down the wrath of Yredelemnul upon you.
You easily resist.
Unknown command.
The wraith hits you.
* * * LOW HITPOINT WARNING * * *
The wraith drains your vigour!
Your stasis prevents you from being slowed.
The wraith hits you but does no damage. The death knight closely misses you.
Unknown command.
The wraith barely misses you. The wraith hits you but does no damage.
The death knight hits you with a +3 battleaxe!!
You die...

#..........# .....
#..........#
.....########..........#
..............>........#
........###............#
........#.#####.<......#
........#.....#.......?#
......p.#.....#........#
......W@#.....'....#####
.......W+.....#....#
........##'####....#
...................#
.######............#
#............#
#............#
#.............
#...........


You could see a death knight and 2 wraiths.

Vanquished Creatures
  Snorg (D:12)
  Harold (D:11)
  A boulder beetle (D:13)
  4 two-headed ogres
  A deep elf pyromancer (D:12)
  A manticore (D:12)
  The ghost of ArcelyAbella the Sneak, a novice HuEn of Sif Muna (D:8)
  4 cyclopes
  A gargoyle (D:10)
  A komodo dragon (D:7)
  Maggie (D:7)
  2 rime drakes
  2 kobold demonologists
  A freezing wraith (D:13)
  2 trolls
  6 slime creatures
  A shadow (D:9)
  Sigmund (D:4)
  11 yaks
  A wyvern (D:11)
  3 steam dragons
  Menkaure (D:7)
  2 vampire mosquitoes (D:12)
  An acid dragon (D:9)
  3 water moccasins
  Duvessa (D:7)
  4 orc warriors (D:11)
  4 ice beasts (D:10)
  2 sky beasts
  3 wolves (D:10)
  An ogre (D:5)
  4 centaurs
  14 kobold brigands
  2 bullfrogs
  2 scorpions
  13 wights
  Dowan (D:7)
  5 killer bees (D:8)
  3 howler monkeys (D:7)
  2 jellies
  2 hounds (D:5)
  4 orc priests
  2 sleepcaps (D:5)
  4 iguanas
  5 orc wizards
  Natasha (thrice) (D:4)
  6 adders
  8 gnolls
  A shadow imp (D:6)
  3 white imps
  An ufetubus (D:4)
  3 dart slugs
  34 orcs
  7 endoplasms
  2 giant cockroaches
  4 goblins
  7 hobgoblins
  6 jackals
  27 kobolds
  2 quokkas
  7 ball pythons
  6 bats
  4 frilled lizards
  3 rats
  A spectral orc (D:5)
267 creatures vanquished.

Notes
Turn   | Place    | Note
-------+----------+-------------------------------------------
     0 | D:5      | comborobin the Formicid Delver began the quest for the Orb.
     0 | D:5      | Reached XP level 1. HP: 18/18 MP: 1/1
     1 | D:6      | Noticed an iguana
     1 | D:6      | Found Nozyani's Book Boutique.
    53 | D:4      | Reached skill level 1 in Ranged Weapons
    63 | D:4      | Noticed Natasha
    71 | D:4      | Noticed a cerulean imp
    71 | D:4      | Killed Natasha
    72 | D:4      | Reached XP level 2. HP: 18/24 MP: 2/2
    72 | D:4      | Reached XP level 3. HP: 22/29 MP: 3/3
   217 | D:4      | Noticed Natasha
   221 | D:4      | Noticed Sigmund
   573 | D:3      | Reached XP level 4. HP: 30/34 MP: 4/4
   646 | D:3      | Found a glowing golden altar of the Shining One.
   649 | D:3      | Found a shimmering blue altar of Sif Muna.
   837 | D:3      | Reached skill level 1 in Shields
  1361 | D:4      | Reached skill level 2 in Shields
  1377 | D:4      | Killed Natasha
  1378 | D:4      | Reached skill level 3 in Shields
  1378 | D:4      | Reached XP level 5. HP: 30/41 MP: 5/5
  1382 | D:4      | Noticed Natasha
  1385 | D:4      | Killed Natasha
  1386 | D:4      | Reached skill level 4 in Shields
  1400 | D:4      | Killed Sigmund
  1401 | D:4      | Reached skill level 6 in Shields
  1401 | D:4      | Reached XP level 6. HP: 43/47 MP: 6/6
  1504 | D:4      | Reached skill level 7 in Shields
  1504 | D:4      | Reached XP level 7. HP: 49/52 MP: 7/7
  1730 | D:5      | Found Digitz's Magic Scroll Shop.
  1914 | D:5      | Found a staircase to the Ecumenical Temple.
  1923 | Temple   | Entered the Ecumenical Temple
  2055 | Temple   | Became a worshipper of Cheibriados the Contemplative
  2180 | D:5      | Found a hazy altar of Hepliaklqana.
  2442 | D:5      | Reached skill level 8 in Shields
  2965 | D:1      | Reached * piety under Cheibriados
  4046 | D:2      | Reached ** piety under Cheibriados
  4364 | D:2      | Found a faded altar of an unknown god.
  5273 | D:5      | Found Digitz's Magic Scroll Shop.
  5592 | D:5      | Found a hazy altar of Hepliaklqana.
  5640 | D:5      | Found a staircase to the Ecumenical Temple.
  5943 | D:5      | Reached skill level 9 in Shields
  6063 | D:5      | Reached XP level 8. HP: 52/58 MP: 8/8
  6377 | D:6      | Found an iron altar of Okawaru.
  6716 | D:6      | Learned a level 4 spell: Passage of Golubria
  6836 | D:7      | Noticed a komodo dragon
  6846 | D:7      | Killed a komodo dragon
  6847 | D:7      | Reached skill level 5 in Ranged Weapons
  6847 | D:7      | Reached skill level 10 in Shields
  6892 | D:7      | Reached skill level 11 in Shields
  6903 | D:7      | Noticed Duvessa
  6903 | D:7      | Noticed Dowan
  6907 | D:7      | Noticed Menkaure
  6909 | D:7      | Killed Duvessa
  6910 | D:7      | Reached XP level 9. HP: 64/64 MP: 9/9
  6916 | D:7      | Killed Dowan
  6920 | D:7      | Noticed Maggie
  6921 | D:7      | Reached *** piety under Cheibriados
  6929 | D:7      | Killed Maggie
  6930 | D:7      | Reached skill level 12 in Shields
  6934 | D:7      | You fall into a shaft and drop 1 floor!
  7312 | D:7      | Killed Menkaure
  7345 | D:7      | Noticed a two-headed ogre
  7352 | D:7      | Killed a two-headed ogre
  7353 | D:7      | Reached skill level 13 in Shields
  7353 | D:7      | Reached XP level 10. HP: 26/70 MP: 10/10
  7669 | D:7      | Reached skill level 14 in Shields
  8038 | D:8      | Noticed a rime drake
  8050 | D:8      | Killed a rime drake
  8051 | D:8      | Reached skill level 15 in Shields
  8070 | D:8      | Reached **** piety under Cheibriados
  8141 | D:8      | Found the +4 skin of Zhor {*Englaciate rC+++ SInv}
  8334 | D:8      | Found Tuki's Jewellery Shop.
  8340 | D:8      | Bought an amulet of magic regeneration for 360 gold pieces
  8380 | D:8      | Found a runed translucent gate.
  8381 | D:8      | Found a runed translucent gate.
  8382 | D:8      | Noticed ArcelyAbella's ghost (novice HuEn)
  8400 | D:8      | Found a runed translucent gate.
  8456 | D:8      | Killed ArcelyAbella's ghost
  8457 | D:8      | Reached skill level 16 in Shields
  8747 | D:8      | Found a sparkling altar of Nemelex Xobeh.
  8793 | D:8      | Reached XP level 11. HP: 75/75 MP: 11/11
  9164 | D:9      | Reached skill level 17 in Shields
  9419 | D:10     | Entered Level 10 of the Dungeon
  9419 | D:10     | Found Limomn's Antique Armour Emporium.
  9422 | D:10     | Bought a pair of glowing boots for 262 gold pieces
  9711 | D:10     | Found Arimaas's Book Boutique.
  9780 | D:10     | Reached ***** piety under Cheibriados
  9781 | D:10     | Reached skill level 18 in Shields
  9943 | D:10     | Found a staircase to the Lair.
 10485 | D:11     | Noticed a cyclops
 10496 | D:11     | Killed a cyclops
 10497 | D:11     | Reached skill level 10 in Ranged Weapons
 10539 | D:11     | Noticed a cyclops
 10569 | D:11     | Killed a cyclops
 10587 | D:11     | Noticed a cyclops
 10595 | D:11     | Killed a cyclops
 10676 | D:11     | Found a staircase to the Orcish Mines.
 10766 | D:11     | Noticed Harold
 10797 | D:11     | Killed Harold
 10798 | D:11     | Reached XP level 12. HP: 50/81 MP: 12/12
 11018 | D:11     | Reached skill level 19 in Shields
 11033 | D:11     | Noticed a two-headed ogre
 11058 | D:11     | Killed a two-headed ogre
 11489 | D:12     | Noticed a two-headed ogre
 11524 | D:10     | HP: 1/81 [slime creature (8)]
 11793 | D:11     | Killed a two-headed ogre
 12056 | D:12     | Reached skill level 20 in Shields
 12496 | D:12     | Noticed Snorg
 12506 | D:12     | Killed Snorg
 12595 | D:12     | Noticed a two-headed ogre
 12605 | D:12     | Killed a two-headed ogre
 12634 | D:12     | Noticed Udonoc's ghost (journeyman HOBe)
 12646 | D:12     | Found a transporter.
 12673 | D:12     | Found a transporter.
 12818 | D:13     | Noticed a boulder beetle
 12834 | D:13     | Killed a boulder beetle
 12841 | D:13     | Noticed a death knight
 12871 | D:13     | Slain by a death knight

Illustrated notes

Levels and vault maps discovered:
D:1:      mrwooster_arrival_statue, layout_basic, serial_aquarium,
          aquarium_bridge_straight [aquarium_subvault_bridge,
          aquarium_subvault_window, aquarium_subvault_bridge,
          aquarium_subvault_balcony], aquarium_window_corner,
          aquarium_window_fake, aquarium_view_2d, aquarium_balcony_5b
D:2:      minmay_razor_zed, layout_loops_corners,
          shapermc_ecumenical_altar_mp_ritualfount, minmay_misc_feat_nine_boxes,
          minmay_3d_cube
D:3:      layout_basic, overflow_temple_1_default, lemuel_tele_altar,
          serial_glass, glass_columns_a, glass_columns_a, due_unseen_surprise,
          feat_on_display, supply_closet_lemuel
D:4:      layout_rooms, uniq_natasha, uniq_sigmund
D:5:      layout_basic, nicolae_hepliaklqana_monster_ancestors,
          lemuel_temple_firewalk_b, serial_shops, nicolae_square_shop
D:6:      layout_loops_cross, okawaru_trees_1, serial_shops, shop
D:7:      layout_cave_pools, corexii_leaking_fountain,
          nicolae_figureground_pulse, uniq_maggie, uniq_duvessa, uniq_menkaure
D:8:      layout_basic, nemelex_spade_bored_becter,
          gammafunk_ghost_nasty_kobolds, serial_shops, kennysheep_little_box,
          hellmonk_guarded_unrand_zhor
D:9:      layout_roguey, minmay_gold_behind_fungi, reono_crystal_passage
D:10:     layout_basic, hellmonk_lair_entry_icy, serial_shops, shop,
          nicolae_stop_n_shop_2
D:11:     layout_roguey, david_orc_4, corexii_mini_fake_secret_closet,
          uniq_harold
D:12:     layout_long_grid, gammafunk_ghost_hive, uniq_snorg
D:13:     layout_irregular_city, minmay_guarded_unrand_resistance
Temple:   minmay_crystal_spiral_temple

Skill      XL: |  1  2  3  4  5  6  7  8  9 10 11 12 |
---------------+-------------------------------------+-----
Ranged Weapons | 2 3 4 5 7 8 10 11 | 11.5
Shields        | 3 6 7 9 11 13 16 18 20 | 20.6
Invocations    | 3 |  3.4
Fighting       | |  3.2
Maces & Flails | |  2.0
Dodging        | |  1.7
Stealth        | |  6.0

Action                     |  1- 3 |  4- 6 |  7- 9 | 10-12 || total
---------------------------+-------+-------+-------+-------++-------
  Melee: Bardiche          |       |       |     9 |       ||     9
         Halberd           |       |       |       |     5 ||     5
   Fire: Longbow           |    48 |    61 |   302 |   296 ||   707
         Shortbow          |       |       |       |   408 ||   408
 Invoke: Temporal Distorti |       |       |       |     1 ||     1
Ability: Dig               |     1 |       |     1 |       ||     2
         Shaft Self        |       |       |     1 |       ||     1
  Evoke: Wand              |       |     3 |     4 |    12 ||    19
    Use: Scroll            |     3 |       |    10 |     4 ||    17
         Potion            |       |       |       |     3 ||     3
   Stab: Paralysed         |       |       |     9 |     2 ||    11
 Armour: Leather armour    |     2 |     9 |       |       ||    11
         Robe              |       |     2 |    62 |    12 ||    76
         Animal skin       |       |       |       |    47 ||    47
  Dodge: Dodged            |    21 |     9 |    69 |    58 ||   157
  Block: Tower shield      |     2 |    30 |   242 |   399 ||   673
